 Dungeon Crawl Stone Soup version 0.28.0-49-g6dfe1f597d (webtiles) character file.

Game seed: 14592816342033489053

521 Hodglim the Ogre Mage (level 7, -3/59 HPs)
             Began as an Ogre Venom Mage on May 14, 2022.
             Succumbed to a killer bee's poison
             ... on level 3 of the Dungeon.
             The game lasted 00:37:14 (4544 turns).

Hodglim the Ogre Mage (Ogre Venom Mage)             Turns: 4544, Time: 00:37:15

Health: -3/59      AC:  4    Str: 13    XL:     7   Next: 21%
Magic:  13/14      EV: 24    Int: 18    God:
Gold:   167        SH:  0    Dex:  9    Spells: 6/16 levels left

rFire   . . .      SeeInvis .   a - +1 dagger (venom)
rCold   . . .      Faith    .   (no shield)
rNeg    . . .      Spirit   .   c - +0 robe
rPois   .          Reflect  .   (helmet restricted)
rElec   .          Harm     .   l - +0 cloak
rCorr   .          Rampage  .   (gloves unavailable)
Will    .....                   (boots unavailable)
Stlth   +.........              p - amulet of the acrobat
HPRegen 0.19/turn               e - ring of wizardry
MPRegen 0.14/turn               (no ring)

@: lethally poisoned (-3 -> -21), acrobatic
A: large, unfitting armour, tough skin 1
a: no special abilities


You were on level 3 of the Dungeon.
You visited 1 branch of the dungeon, and saw 4 of its levels.

You collected 167 gold pieces.

Inventory:

Hand Weapons
 a - a +1 dagger of venom (weapon)
 f - a +2 flail of holy wrath
 m - a +0 short sword of speed
 q - a +4 dagger
 s - a +2 short sword of flaming
Missiles
 b - 71 stones
 t - 2 javelins (quivered)
 u - 6 poisoned darts
Armour
 c - a +0 robe (worn)
 l - a +0 cloak (worn)
Jewellery
 e - a ring of wizardry (left hand)
 p - an amulet of the acrobat (around neck)
Scrolls
 g - a scroll of immolation {unknown}
 h - 2 scrolls of silence {unknown}
 k - 4 scrolls of identify {unknown}
 o - a scroll of amnesia {unknown}
 v - a scroll of fog {unknown}
 w - a scroll of vulnerability {unknown}
Potions
 d - 3 potions of brilliance {unknown}
 i - a potion of invisibility {unknown}
 j - 2 potions of curing {unknown}
 n - 2 potions of might {unknown}
 r - a potion of mutation {unknown}


   Skills:
 - Level 1.7 Dodging
 - Level 1.4 Stealth
 + Level 5.0 Spellcasting
 + Level 3.7 Transmutations
 + Level 1.4 Air Magic
 + Level 4.6 Poison Magic


You had 6 spell levels left.
You knew the following spells:

 Your Spells              Type           Power      Damage    Failure   Level
a - Sting                 Tmut/Pois      76%        1d6       1%          1
b - Poisonous Vapours     Pois/Air       30%        N/A       2%          2
c - Mephitic Cloud        Conj/Pois/Air  11%        N/A       7%          3
d - Olgreb's Toxic Radia  Pois           21%        N/A       9%          4

Your spell library contained the following spells:

 Spells                   Type           Power      Damage    Failure   Level


Dungeon Overview and Level Annotations

Branches:
Dungeon (4/15)
 Temple: D:4-7

Altars:
Cheibriados
Sif Muna
The Shining One

Annotations:
D:3 Sigmund


Innate Abilities, Weirdness & Mutations

You are too large for most types of armour.
You have tough skin. (AC +1)


Message History

The killer bee completely misses you. The killer bee stings you.
* * * LOW HITPOINT WARNING * * *
The killer bee completely misses you. The killer bee closely misses you.
The killer bee closely misses you.
Your magical contamination has completely faded away.
The killer bee misses you.
The killer bee completely misses you. x2
The killer bee completely misses you. The killer bee completely misses you.
The killer bee closely misses you. The killer bee misses you.
The killer bee misses you.
There is a stone staircase leading up here.
The killer bee barely misses you. The killer bee completely misses you.
You climb upwards.
Level annotation: Sigmund
There is a stone staircase leading down here.
Casting: Sting (safe; 1% risk of failure)
Confirm with . or Enter, or press ? or * to list all spells.
Aiming: Sting (safe; 1% risk of failure)
Press: ? - help, Shift-Dir - straight line, f - killer bee
Aim: a killer bee (48% to hit)
The sting misses the killer bee.
The killer bee stings you.
* * * LOW HITPOINT WARNING * * *
You are poisoned.
The killer bee poisons you!
The killer bee stings you but does no damage.
Throw: 3 javelins
Press: ? - help, Q - select action, (/) - cycle Shift-Dir - straight line, f/p - killer bee
Aim: a killer bee (16% to hit)
You throw a javelin. The javelin misses the killer bee.
You feel sick. The killer bee barely misses you. The killer bee stings you.
* * * LOW HITPOINT WARNING * * *
You are more poisoned.
The killer bee poisons you! The killer bee stings you.
* * * LOW HITPOINT WARNING * * *
You are more poisoned.
The killer bee poisons you!
You die...

...# #......#...).# ####
#......#.....#
#########.####....# ###
.@....g...(...>##.# ....
##########......#'###....
#...............
#..............#
#..............#
#......@>y....(#
#..............#
#..............#
#..............#
####...........#
#...........#
#...........#
#.###........ #.. .....


You could see a killer bee.

Vanquished Creatures
  A steam dragon (D:4)
  2 killer bees (D:4)
  A hound (D:4)
  2 orc priests (D:3)
  Jessica (D:2)
  2 iguanas (D:4)
  A hound skeleton (D:4)
  A gnoll (D:1)
  3 adders
  An adder skeleton (D:4)
  A worm (D:4)
  A dart slug (D:1)
  11 orcs
  6 ball pythons
  4 endoplasms
  3 giant cockroaches
  8 goblins
  8 hobgoblins
  5 jackals
  A quokka (D:4)
  6 bats
  2 frilled lizards
  4 kobolds
  2 rats (D:1)
77 creatures vanquished.

Vanquished Creatures (others)
  A wight (D:4)
  56 plants (D:4)
57 creatures vanquished.

Grand Total: 134 creatures vanquished

Notes
Turn   | Place    | Note
-------+----------+-------------------------------------------
     0 | D:1      | Hodglim the Ogre Venom Mage began the quest for the Orb.
     0 | D:1      | Reached XP level 1. HP: 16/16 MP: 3/3
   234 | D:1      | Reached skill level 1 in Transmutations
   301 | D:1      | Reached XP level 2. HP: 24/24 MP: 3/5
   699 | D:1      | Reached skill level 3 in Spellcasting
   720 | D:1      | Reached XP level 3. HP: 31/31 MP: 7/7
   839 | D:1      | Found a faded altar of an unknown god.
  1203 | D:2      | Found a shimmering blue altar of Sif Muna.
  1825 | D:2      | Noticed Jessica
  1834 | D:2      | Killed Jessica
  1835 | D:2      | Reached XP level 4. HP: 27/39 MP: 3/9
  2339 | D:3      | Noticed Sigmund
  2663 | D:3      | Reached XP level 5. HP: 45/45 MP: 8/10
  2804 | D:3      | Reached skill level 4 in Spellcasting
  3701 | D:4      | Found a glowing golden altar of the Shining One.
  3718 | D:4      | Reached XP level 6. HP: 37/53 MP: 10/12
  3930 | D:4      | Found a snail-covered altar of Cheibriados.
  4028 | D:4      | Learned a level 2 spell: Poisonous Vapours
  4032 | D:4      | Learned a level 3 spell: Mephitic Cloud
  4037 | D:4      | Learned a level 4 spell: Olgreb's Toxic Radiance
  4185 | D:4      | Noticed a steam dragon
  4224 | D:4      | Killed a steam dragon
  4225 | D:4      | Reached skill level 1 in Air Magic
  4225 | D:4      | Reached XP level 7. HP: 20/59 MP: 9/14
  4507 | D:4      | Reached skill level 5 in Spellcasting
  4543 | D:3      | HP: 1/59 [killer bee (2)]
  4544 | D:3      | Succumbed to a killer bee's poison

Illustrated notes

Levels and vault maps discovered:
D:1:      dpeg_cavernosity, layout_rooms, shapermc_ecumenical_altar_flowoftime,
          hex_medium, kennysheep_small_spiral
D:2:      layout_basic, basic_altar, kennysheep_generic_room_5, uniq_jessica
D:3:      layout_basic, grunt_ministairs_11, uniq_sigmund
D:4:      minmay_angry_zag, layout_basic, beargit_hepliaklqana_dungeon_heroes,
          mainiacjoe_overflow_catch_the_wave, serial_bayou_lagoon_a,
          grunt_ministairs_15

Skill      XL: |  1  2  3  4  5  6  7 |
---------------+----------------------+-----
Transmutations | 1 2 3 |  3.7
Poison Magic   | 3 4 |  4.6
Spellcasting   | 3 4 5 |  5.0
Air Magic      | 1 |  1.4
Dodging        | |  1.7
Stealth        | |  1.4

Action                   |  1- 3 |  4- 6 |  7- 9 || total
-------------------------+-------+-------+-------++-------
Melee: Dagger            |    25 |    61 |       ||    86
       Unarmed           |     1 |       |       ||     1
Throw: Javelin           |    26 |    18 |     1 ||    45
       Stone             |       |     4 |       ||     4
 Cast: Sting             |    27 |    51 |     7 ||    85
       Poisonous Vapours |       |     4 |       ||     4
 Stab: Sleeping          |       |     1 |       ||     1
Armor: Robe              |    21 |    25 |     9 ||    55
Dodge: Dodged            |    19 |    55 |    51 ||   125
